 Dungeon Crawl Stone Soup version 0.29.0-11-gd7f09526c8 (webtiles) character file.

Game seed: 4132269894127826940

49 SensoryNuts the Shield-Bearer (level 3, -2/36 HPs)
             Began as a Troll Fighter on Sept 6, 2022.
             Slain by a gnoll
             ... wielding a +0 spear
              (5 damage)
             ... on level 2 of the Dungeon.
             The game lasted 00:01:05 (982 turns).

SensoryNuts the Shield-Bearer (Troll Fighter)        Turns: 982, Time: 00:01:06

Health: -2/36      AC:  4    Str: 26    XL:     3   Next: 51%
Magic:  2/2        EV: 10    Int:  4    God:
Gold:   34         SH:  0    Dex:  9    Spells: 2/2 levels left

rFire   . . .      SeeInvis .   a - +0 flail
rCold   . . .      Faith    .   (no shield)
rNeg    . . .      Spirit   .   b - +0 robe
rPois   .          Reflect  .   (helmet restricted)
rElec   .          Harm     .   (no cloak)
rCorr   .          Rampage  .   (gloves unavailable)
Will    .....                   (boots unavailable)
Stlth   +.........              (no amulet)
HPRegen 0.92/turn               (no ring)
MPRegen 0.08/turn               (no ring)

@: mighty
A: large, unfitting armour, claws 3, regeneration 1, shaggy fur 1, tough skin 1
a: no special abilities


You were on level 2 of the Dungeon.
You visited 1 branch of the dungeon, and saw 2 of its levels.

You collected 34 gold pieces.

Inventory:

Hand Weapons
 a - a +0 flail (weapon)
Armour
 b - a +0 robe (worn)
 c - a +0 kite shield
Jewellery
 g - a +4 ring of slaying
Scrolls
 f - a scroll of blinking {unknown}
 h - a scroll of poison {unknown}
 j - a scroll of identify {unknown}
 k - a scroll of teleportation {unknown}
Potions
 e - 2 potions of heal wounds
 i - a potion of lignification {unknown}


   Skills:
 + Level 2.8 Fighting
 * Level 2.8 Maces & Flails
 + Level 2.6 Dodging
 + Level 2.9 Shields


You had 2 spell levels left.
You didn't know any spells.
Your spell library was empty.

Dungeon Overview and Level Annotations

Branches:
Dungeon (2/15)

Altars:


Innate Abilities, Weirdness & Mutations

You are too large for most types of armour.
You have claws for hands.
Your natural rate of healing is unusually fast.
You are covered in fur. (AC +1)
You have tough skin. (AC +1)


Message History

A gnoll comes into view. It is wielding a +0 club.
The gnoll shouts!
You hear a shout!
A gnoll is nearby!
A gnoll comes into view. It is wielding a +4 halberd.
The gnoll moves out of view. 2 gnolls come into view.
The gnoll shouts! x2
The gnoll barely misses you. The gnoll closely misses you.
You hit the gnoll but do no damage. The gnoll barely misses you. x3
The gnoll hits you with a +0 club.
The gnoll hits you from afar with a +4 halberd!
You thump the gnoll!
The gnoll is severely wounded.
The gnoll barely misses you.
The gnoll hits you from afar with a +4 halberd.
You are too injured to fight recklessly!
You are too injured to fight recklessly!
You are too injured to fight recklessly!
You are too injured to fight recklessly!
You are too injured to fight recklessly!
You are too injured to fight recklessly!
You are too injured to fight recklessly!
You are too injured to fight recklessly!
You are too injured to fight recklessly!
You are too injured to fight recklessly!
You are too injured to fight recklessly!
Unknown command.
The gnoll attacks as you move away! The gnoll hits you with a +0 club.
You feel very mighty all of a sudden. The gnoll barely misses you.
It was a potion of heal wounds.
You feel much better.
The gnoll hits you from afar with a +4 halberd!
The gnoll closely misses you.
You hit the gnoll.
You kill the gnoll!
The gnoll hits you from afar with a +4 halberd!
The gnoll hits you with a +4 halberd!
* * * LOW HITPOINT WARNING * * *
The gnoll hits you from afar with a +0 spear.
You die...

#...#.........
#.#.#####.#### ## #.#.#
#.# # .. ###.#.#####.#
# #. #...........# #.
#.###.#.##### ## #.
#.###...#
##...#.#####.##....####
.......ggg@.....†.....+
#......#####.##....####
#...... #.......#
#....g. ####.####
#.....# #.# #..... #.#
###.## #.# #. #.# #.#


You could see 3 gnolls.

Vanquished Creatures
  A gnoll (D:2)
  2 dart slugs
  A bat (D:1)
  2 endoplasms (D:1)
  4 giant cockroaches
  2 goblins (D:1)
  3 hobgoblins (D:1)
  A quokka (D:2)
  9 ball pythons
  A frilled lizard (D:1)
  2 kobolds (D:1)
  4 rats (D:1)
32 creatures vanquished.

Notes
Turn   | Place    | Note
-------+----------+-------------------------------------------
     0 | D:1      | SensoryNuts the Troll Fighter began the quest for the Orb.
     0 | D:1      | Reached XP level 1. HP: 22/22 MP: 0/0
    25 | D:1      | Found a faded altar of an unknown god.
    43 | D:1      | Reached XP level 2. HP: 29/29 MP: 1/1
   426 | D:1      | Reached XP level 3. HP: 36/36 MP: 2/2
   982 | D:2      | Slain by a gnoll

Illustrated notes

Levels and vault maps discovered:
D:1:      dpeg_arrival_solitude, layout_basic, basic_ecumenical_altar
D:2:      layout_loops_corners, basic_altar, cheibrodos_gnoll_hut

Skill      XL: |  1 |
---------------+----+-----
Maces & Flails | 2 |  2.8
Fighting       | |  2.8
Dodging        | |  2.6
Shields        | |  2.9

Action                   || total
-------------------------++-------
Melee: Flail             ||    87
  Use: Potion            ||     2
 Stab: Sleeping          ||     1
Armor: Robe              ||    33
Dodge: Dodged            ||    54
